 Dungeon Crawl Stone Soup version 0.25-b1-50-g7b83aa72e5 (webtiles) character file.

Game seed: 11948409961858730002

4683 lepoulpe303 the Transmogrifier (level 10, 0/63 HPs)
             Began as a Merfolk Venom Mage on June 11, 2020.
             Was a Priest of Sif Muna.
             Slain by a troll (4 damage)
             ... on level 9 of the Dungeon on June 12, 2020.
             The game lasted 00:51:21 (12124 turns).

lepoulpe303 the Transmogrifier (MfVM)              Turns: 12124, Time: 00:51:22

Health: 0/63       AC:  6    Str: 15    XL:     10   Next: 44%
Magic:  4/19       EV: 16    Int: 17    God:    Sif Muna [***...]
Gold:   384        SH: 10    Dex: 16    Spells: 8/21 levels left

rFire    + + .     SeeInvis .   a - +3 short sword "Jatail" {venom, rF+ Str+7}
rCold    + + .     Gourm    .   m - +0 buckler
rNeg     . . .     Faith    .   x - +1 leather armour {rC+} {rC+}
rPois    .         Spirit   .   (no helmet)
rElec    .         Reflect  +   (no cloak)
rCorr    .         Harm     .   B - +1 pair of gloves
MR       .....                  (no boots)
Stlth    +++.......             z - amulet of reflection
HPRegen  0.20/turn              I - ring of protection from cold
MPRegen  0.16/turn              F - ring of protection from fire

@: no status effects
A: change form in water, swift swim, stealthy swim
a: Channel Magic, Forget Spell, Renounce Religion


You were on level 9 of the Dungeon.
You worshipped Sif Muna.
Sif Muna was most pleased with you.
You were not hungry.

You visited 1 branch of the dungeon, and saw 10 of its levels.
You also visited: Ossuary.

You collected 454 gold pieces.
You spent 70 gold pieces at shops.

Inventory:

Hand Weapons
 a - the +3 short sword "Jatail" (weapon) {venom, rF+ Str+7}
   (You found it on level 6 of the Dungeon)

   It poisons the flesh of those it strikes.
   It affects your strength (+7).
   It protects you from fire.
Missiles
 l - 11 curare-tipped darts
 y - a silver boomerang (quivered)
 K - 5 boomerangs
 W - a throwing net {=f}
Armour
 c - a +0 robe
 m - a +0 buckler (worn)
 x - a +1 leather armour of cold resistance (worn) {rC+}
 B - a +1 pair of gloves (worn)
 P - +0 fire dragon scales
Magical Staves
 S - an uncursed staff of air {rElec}
Jewellery
 z - an amulet of reflection (around neck)
 F - a ring of protection from fire (right hand)
 G - an uncursed amulet of guardian spirit {Spirit}
 I - a ring of protection from cold (left hand)
Wands
 D - a wand of digging (5)
 L - a wand of flame (20)
 N - a wand of paralysis (11)
 O - a wand of iceblast (10)
 R - a wand of acid (9)
 U - a wand of clouds (2)
 V - a wand of disintegration (42)
Scrolls
 b - a scroll of noise {unknown}
 d - 3 scrolls of random uselessness {unknown}
 g - 3 scrolls of enchant weapon {unknown}
 i - 2 scrolls of identify
 k - a scroll of blinking {unknown}
 n - 2 scrolls of fear {unknown}
 r - 3 scrolls of magic mapping {unknown}
 t - 5 scrolls of teleportation
 v - 2 scrolls of fog {unknown}
 w - 3 scrolls of remove curse
 A - a scroll of immolation {unknown}
 T - a scroll of amnesia {unknown}
Potions
 f - 4 potions of lignification {!q}
 h - 4 potions of stabbing {unknown}
 j - 8 potions of heal wounds
 o - a potion of cancellation {unknown}
 p - 4 potions of mutation {!q}
 q - 5 potions of curing
 s - 2 potions of flight {unknown}
 C - a potion of ambrosia {unknown}
 E - a potion of magic {unknown}
 H - 2 potions of degeneration {unknown}
 J - 2 potions of might {unknown}
 M - a potion of brilliance {unknown}
 Q - a potion of berserk rage {unknown}
Comestibles
 e - 13 rations
 u - a chunk of flesh


   Skills:
 + Level 5.0 Short Blades
 + Level 0.1 Armour
 + Level 6.4 Dodging
 + Level 5.4 Stealth
 + Level 3.9 Shields
 * Level 6.0 Spellcasting
 * Level 8.2 Transmutations
 + Level 3.3 Air Magic
 * Level 7.5 Poison Magic
 + Level 4.1 Invocations


You had 8 spell levels left.
You knew the following spells:

 Your Spells              Type           Power        Failure   Level  Hunger
a - Sting                 Tmut/Pois      ####         1%          1    None
b - Poisonous Vapours     Pois/Air       ###...       2%          2    None
c - Ignite Poison         Fire/Tmut/Pois ###.....     5%          3    ##.....
d - Olgreb's Toxic Radia  Pois           ####....     7%          4    ####...
x - Mephitic Cloud        Conj/Pois/Air  ###.....     11%         3    ##.....

Your spell library contained the following spells:

 Spells                   Type           Power        Failure   Level  Hunger
 Beastly Appendage        Tmut           ####..       1%          1    None
 Sticks to Snakes         Tmut           ####....     1%          2    None
 Spider Form              Tmut/Pois      ####......   1%          3    ##.....
 Blade Hands              Tmut           ####......   16%         5    #####..
 Ice Form                 Ice/Tmut       ###.....     28%         4    ####...


Dungeon Overview and Level Annotations

Branches:
Dungeon (10/15)            Temple (0/1) D:4         Ossuary (visited)
   Lair: D:8-11         Orc: D:9-12

Altars:
Sif Muna
Xom

Shops:
D:6 !   D:9 %


Message History

You ignite the poison in your surroundings!
The troll seems to burn from within!
You block the troll's attack. The troll closely misses you.
You block the troll's attack.
You now have 9/19 mp.
Aim: a troll (severely wounded)
The sting misses the troll.
The troll completely misses you. The troll claws you!
* * * LOW HITPOINT WARNING * * *
The troll barely misses you.
You take 12 damage, and have 12/63 hp.
You now have 8/19 mp.
Aim: a troll (heavily wounded)
The sting hits the troll!
The troll is poisoned.
The troll misses you. x2
The troll claws you!
* * * LOW HITPOINT WARNING * * *
You take 8 damage, and have 4/63 hp.
You now have 7/19 mp.
You ignite the poison in your surroundings!
The troll seems to burn from within.
* * * LOW MAGIC WARNING * * *
The troll bites you.
You die...

.#...##..#.....######.##
.#...##.......##...##..#
.#..##........#....#...###
.#.......#.........#.....#
.#....#[.................#
.....##.....###..........###
......†#.....##..........#.#####
.#....####..###................##
.#..######.....T@...............#
##.T....##.###......<.......#...#
............#.............>......
......#...............##.........
.................................
..............................##.
.................##........###..#
..##..................##.........
..........#..........(##........#


You could see a troll.

Levels and vault maps discovered:
D:1:      lemuel_arrival_funnel, layout_basic, st_stairs_3
D:2:      layout_loops_ring
D:3:      layout_basic, lemuel_blue_sif_altar, first_ration,
          chequers_serial_rivers_small_b
D:4:      layout_loops_corners, minmay_temple_entry_junction_2, uniq_ijyb
D:5:      layout_basic, nicolae_ossuary_entry_monument, uniq_menkaure
D:6:      layout_basic, serial_shops, nicolae_shop_stone, uniq_grinder
D:7:      layout_loops_ring
D:8:      layout_basic
D:9:      layout_cave_pools, serial_shops, kennysheep_mini_moat,
          hangedman_fish_farm, minmay_guarded_unrand_variability
D:10:     layout_loops_ring, erik_lair_island, minivault_8

Notes
Turn   | Place    | Note
-------+----------+-------------------------------------------
     0 | D:1      | lepoulpe303 the Merfolk Venom Mage began the quest for the
                  | Orb.
     0 | D:1      | Reached XP level 1. HP: 13/13 MP: 3/3
    34 | D:1      | Identified a +2 dagger of venom
    76 | D:1      | Identified a +0 dagger
    76 | D:1      | Identified a +0 club
    86 | D:1      | Reached XP level 2. HP: 19/19 MP: 0/5
   113 | D:1      | Identified a +0 club
   360 | D:1      | Identified a +0 club
   522 | D:1      | Identified a +0 club
   563 | D:1      | Identified a cursed -1 club
   571 | D:1      | Reached skill level 2 in Transmutations
  1088 | D:2      | Identified 2 scrolls of identify
  1088 | D:2      | Identified a +1 short sword of venom (You found it on level
                  | 2 of the Dungeon)
  1091 | D:2      | Identified a +0 dagger
  1096 | D:2      | Reached XP level 3. HP: 22/24 MP: 3/6
  1102 | D:2      | Learned a level 2 spell: Poisonous Vapours
  1161 | D:2      | Reached skill level 3 in Dodging
  1358 | D:2      | Identified a +0 club
  1475 | D:2      | Identified a +0 club
  1492 | D:2      | Reached XP level 4. HP: 30/30 MP: 4/7
  1497 | D:2      | Learned a level 3 spell: Ignite Poison
  1533 | D:2      | Identified a +0 club
  1647 | D:2      | Identified a +0 buckler (You found it on level 2 of the
                  | Dungeon)
  1711 | D:2      | Identified a +0 club
  1727 | D:2      | Identified a +0 short sword
  2325 | D:3      | Found a shimmering blue altar of Sif Muna.
  2358 | D:3      | lepoulpe303: !whichgod mfvm
  2359 | D:3      | Identified a +0 club
  2395 | D:3      | Identified a +0 hand axe
  2395 | D:3      | Identified a +0 short sword
  2395 | D:3      | Identified a +0 mace
  2395 | D:3      | Identified a +0 trident
  2468 | D:3      | Identified a +1 hand axe of venom
  2468 | D:3      | Identified a +0 leather armour
  2477 | D:3      | Reached skill level 1 in Short Blades
  2488 | D:3      | Reached skill level 3 in Transmutations
  2542 | D:3      | Identified a cursed +0 pair of gloves (You found it on
                  | level 3 of the Dungeon)
  2577 | D:3      | Identified a +0 club
  2579 | D:3      | Identified a +0 dagger
  2741 | D:3      | lepoulpe303: !whichgod mfvm
  2915 | D:3      | Became a worshipper of Sif Muna the Loreminder
  3006 | D:4      | Identified a +0 ring mail
  3006 | D:4      | Identified a +0 club
  3006 | D:4      | Identified a +0 hand axe
  3010 | D:4      | Identified a +0 dagger
  3010 | D:4      | Identified a +0 robe
  3049 | D:4      | Reached XP level 5. HP: 31/35 MP: 7/9
  3053 | D:4      | Reached skill level 4 in Poison Magic
  3125 | D:4      | Reached skill level 1 in Air Magic
  3126 | D:4      | Upgraded the game from 0.25-b1-46-gb8a1ec05df to
                  | 0.25-b1-50-g7b83aa72e5
  3392 | D:4      | Reached skill level 1 in Shields
  3580 | D:4      | Found a staircase to the Ecumenical Temple.
  3605 | D:4      | Identified a +0 dagger
  3605 | D:4      | Identified a +1 leather armour of cold resistance
  3605 | D:4      | Noticed Ijyb
  3610 | D:4      | Killed Ijyb
  3610 | D:4      | Reached skill level 3 in Spellcasting
  3610 | D:4      | Reached XP level 6. HP: 37/41 MP: 6/10
  3669 | D:4      | Identified an amulet of reflection (You found it on level 4
                  | of the Dungeon)
  3671 | D:4      | Identified 3 potions of curing
  3863 | D:4      | Identified a +0 hand axe
  3863 | D:4      | Identified a +0 leather armour
  3991 | D:5      | Entered Level 5 of the Dungeon
  4003 | D:5      | Reached skill level 3 in Stealth
  4044 | D:5      | Identified a +1 dagger of venom
  4044 | D:5      | Identified a +0 scale mail
  4099 | D:5      | Identified a +0 short sword
  4108 | D:5      | Identified a +0 whip
  4108 | D:5      | Identified a +0 leather armour
  4110 | D:5      | Identified a +0 flail
  4110 | D:5      | Identified a +0 ring mail
  4112 | D:5      | Identified a +0 dagger
  4117 | D:5      | Identified a +0 dagger
  4117 | D:5      | Identified a +0 leather armour
  4154 | D:5      | Reached * piety under Sif Muna
  4162 | D:5      | Identified a +0 dagger
  4162 | D:5      | Identified a +0 robe
  4170 | D:5      | Reached skill level 2 in Short Blades
  4170 | D:5      | Reached skill level 4 in Transmutations
  4170 | D:5      | Reached skill level 1 in Invocations
  4252 | D:5      | Identified a +0 dagger
  4253 | D:5      | Identified a +0 war axe
  4262 | D:5      | Identified a +0 flail
  4263 | D:5      | Identified a +0 dagger
  4263 | D:5      | Identified a +0 robe
  4270 | D:5      | Identified a +0 hand axe
  4270 | D:5      | Identified a +0 leather armour
  4274 | D:5      | Reached XP level 7. HP: 39/46 MP: 8/12
  4395 | D:5      | Found a sand-covered staircase.
  4402 | Ossuary  | Entered an ossuary
  4482 | Ossuary  | Reached skill level 4 in Dodging
  4500 | Ossuary  | HP: 11/46 [bullfrog zombie (5)]
  5036 | Ossuary  | Reached skill level 5 in Poison Magic
  5204 | Ossuary  | Identified 4 potions of lignification
  5207 | Ossuary  | HP: 14/69 [mummy (7)]
  5519 | Ossuary  | Identified an amulet of guardian spirit (You found it in an
                  | ossuary)
  5552 | Ossuary  | Reached XP level 8. HP: 36/52 MP: 13/13
  5698 | Ossuary  | Learned a level 3 spell: Mephitic Cloud
  5927 | Ossuary  | Reached skill level 2 in Shields
  5927 | Ossuary  | Reached skill level 5 in Transmutations
  5942 | Ossuary  | Reached skill level 4 in Spellcasting
  6119 | Ossuary  | Reached skill level 3 in Short Blades
  6119 | Ossuary  | Reached skill level 2 in Air Magic
  6338 | Ossuary  | Identified 4 potions of mutation
  6376 | D:5      | Reached skill level 2 in Invocations
  6417 | D:5      | Reached ** piety under Sif Muna
  6768 | D:5      | Noticed Menkaure
  6782 | D:5      | Killed Menkaure
  7028 | D:5      | Identified a +0 spear
  7028 | D:5      | Identified a +0 whip
  7029 | D:5      | Identified a +0 club
  7046 | D:5      | Reached skill level 4 in Stealth
  7364 | D:6      | Noticed Grinder
  7370 | D:6      | Paralysed by Grinder for 6 turns
  7520 | D:6      | Killed Grinder
  7919 | D:6      | Got a bloodstained short sword
  8026 | D:6      | Found Cihuwoco's Distillery.
  8034 | D:6      | Bought a potion of heal wounds for 70 gold pieces
  8051 | D:6      | Reached skill level 5 in Dodging
  8376 | D:6      | Identified 4 scrolls of teleportation
  8377 | D:6      | Identified 5 scrolls of remove curse
  8378 | D:6      | Identified a ring of protection from cold (You found it on
                  | level 2 of the Dungeon)
  8379 | D:6      | Identified a ring of protection from fire (You found it in
                  | an ossuary)
  8380 | D:6      | Identified the +3 short sword "Jatail" {venom, rF+ Str+7}
                  | (You found it on level 6 of the Dungeon)
  8451 | D:7      | Reached skill level 6 in Transmutations
  8468 | D:7      | Identified a +1 pair of gloves (You found it on level 5 of
                  | the Dungeon)
  8699 | D:7      | Reached skill level 6 in Poison Magic
  8699 | D:7      | Reached XP level 9. HP: 24/57 MP: 14/16
  9224 | D:7      | Identified a +0 short sword
  9224 | D:7      | Identified a +0 ring mail
  9226 | D:7      | Identified a +0 dagger
  9231 | D:7      | Identified a +0 dagger
  9231 | D:7      | Identified a +0 leather armour
  9235 | D:7      | Identified a +0 mace
  9332 | D:8      | Identified a +0 shortbow
  9498 | D:8      | Identified a +0 giant club
  9512 | D:8      | Reached skill level 3 in Shields
  9512 | D:8      | Reached skill level 3 in Invocations
  9544 | D:8      | Reached skill level 5 in Spellcasting
  9552 | D:8      | Identified a +0 giant spiked club
  9574 | D:8      | Reached skill level 4 in Short Blades
  9656 | D:8      | Identified a +0 shortbow
  9921 | D:8      | Reached skill level 7 in Transmutations
  9995 | D:8      | Identified a +0 giant spiked club
 10367 | D:9      | Identified a +0 mace
 10367 | D:9      | Identified a +0 leather armour
 10368 | D:9      | Found a shimmering altar of Xom.
 10369 | D:9      | Identified a +0 club
 10369 | D:9      | Identified a +0 leather armour
 10405 | D:8      | Reached skill level 5 in Stealth
 10568 | D:9      | Identified a +0 battleaxe
 10568 | D:9      | Identified a cursed +0 plate armour
 10568 | D:9      | Identified a +0 mace
 10568 | D:9      | Identified a +0 leather armour
 10568 | D:9      | Identified a +0 leather armour
 10569 | D:9      | Reached skill level 3 in Air Magic
 10581 | D:9      | Identified a +0 club
 10621 | D:9      | Reached skill level 6 in Dodging
 10621 | D:9      | Reached skill level 7 in Poison Magic
 10622 | D:9      | Identified a +0 dagger
 10622 | D:9      | Identified a +0 robe
 10630 | D:9      | Reached XP level 10. HP: 45/63 MP: 9/18
 10635 | D:9      | Identified a +0 dagger
 10635 | D:9      | Identified a +0 robe
 10837 | D:9      | Reached *** piety under Sif Muna
 10846 | D:9      | Learned a level 4 spell: Olgreb's Toxic Radiance
 10884 | D:9      | Identified a +0 shortbow
 11117 | D:9      | Identified a +0 trident
 11117 | D:9      | Identified a +0 chain mail
 11119 | D:9      | Identified a +0 dagger
 11119 | D:9      | Identified a cursed +0 robe
 11667 | D:9      | Found Zoall's Food Emporium.
 11696 | D:9      | Identified a +0 spear
 11736 | D:9      | Reached skill level 8 in Transmutations
 11867 | D:9      | Found the +7 mace of Variability {chain chaos}
 11907 | D:10     | Entered Level 10 of the Dungeon
 11936 | D:10     | Identified a +0 shortbow
 11945 | D:10     | Identified a +0 morningstar
 11945 | D:10     | Noticed a molten gargoyle
 11947 | D:10     | Reached skill level 4 in Invocations
 11948 | D:10     | Identified a +0 mace
 11948 | D:10     | Noticed a molten gargoyle
 12078 | D:10     | Identified a +0 mace
 12078 | D:10     | Noticed a molten gargoyle
 12093 | D:9      | Reached skill level 6 in Spellcasting
 12107 | D:9      | Reached skill level 5 in Short Blades
 12122 | D:9      | HP: 12/63 [troll (12)]
 12123 | D:9      | HP: 4/63 [troll (8)]
 12124 | D:9      | Slain by a troll

Table legend:
 A = Turns spent in this place as a percentage of turns spent in the entire game.
 B = Non-inter-level travel turns spent in this place as a percentage of non-inter-level travel turns spent in the entire game.
 C = Inter-level travel turns spent in this place as a percentage of turns spent in this place.
 D = Turns resting spent in this place as a percentage of non-inter-level travel turns spent in this place.
 E = Turns spent auto-exploring this place as a percentage of non-inter-level travel turns spent in this place.
 F = Non-inter-level travel turns spent in this place divided by the number of levels of this place that you've seen.
                   A       B       C       D       E      F
               +-------+-------+-------+-------+-------+----------------------
         Total | 100.0 | 100.0 |   5.0 |  30.8 |  44.1 | 1047.1
       Dungeon |  83.9 |  83.0 |   6.0 |  23.7 |  52.0 | 956.1
       Ossuary |  16.1 |  17.0 |   0.0 |  65.3 |   5.3 | 1957.0
               +-------+-------+-------+-------+-------+----------------------

Table legend:
 A = Kills in this place as a percentage of kills in entire the game.
 B = Kills by you in this place as a percentage of kills by you in the entire game.
 C = Kills by friends in this place as a percentage of kills by friends in the entire game.
 D = Other kills in this place as a percentage of other kills in the entire game.
 E = Experience gained in this place as a percentage of experience gained in the entire game.
 F = Experience gained in this place divided by the number of levels of this place that you have seen.
                   A       B       C       D       E      F
               +-------+-------+-------+-------+-------+----------------------
         Total | 100.0 | 100.0 |   N/A |   N/A | 100.0 | 608.3
       Dungeon |  86.0 |  86.0 |   N/A |   N/A |  88.3 | 591.0
       Ossuary |  14.0 |  14.0 |   N/A |   N/A |  11.7 | 781.0
               +-------+-------+-------+-------+-------+----------------------

Skill      XL: |  1  2  3  4  5  6  7  8  9 10 |
---------------+-------------------------------+-----
Transmutations | 2 3 4 6 7 8 |  8.2
Dodging        | 3 4 5 6 |  6.4
Short Blades   | 1 2 3 4 5 |  5.0
Poison Magic   | 4 5 6 7 |  7.5
Air Magic      | 1 2 3 |  3.3
Shields        | 1 2 3 |  3.9
Spellcasting   | 3 4 5 6 |  6.0
Stealth        | 3 4 5 |  5.4
Invocations    | 1 2 3 4 |  4.1
Armour         | |  0.1

Action                   |  1- 3 |  4- 6 |  7- 9 | 10-12 || total
-------------------------+-------+-------+-------+-------++-------
Melee: Dagger            |    32 |       |       |       ||    32
       Short sword       |    15 |   147 |   453 |    80 ||   695
Throw: Boomerang         |       |       |   113 |    14 ||   127
 Cast: Sting             |    15 |    37 |    38 |    23 ||   113
       Poisonous Vapours |       |    14 |    14 |    24 ||    52
       Mephitic Cloud    |       |       |     1 |     3 ||     4
       Ignite Poison     |       |       |       |     3 ||     3
  Use: Scroll            |     1 |     2 |     5 |       ||     8
       Potion            |       |       |     1 |       ||     1
 Stab: Sleeping          |     4 |     6 |     9 |     1 ||    20
       Distracted        |       |       |     1 |       ||     1
  Eat: Chunk             |     2 |    10 |     6 |       ||    18
       Ration            |       |       |     5 |     1 ||     6
Armor: Robe              |     8 |    17 |    35 |     4 ||    64
       Skin              |       |       |    10 |       ||    10
       Leather armour    |       |       |       |     4 ||     4
Dodge: Dodged            |    33 |    91 |   203 |    58 ||   385
Block: Buckler           |       |    22 |   187 |    56 ||   265
       Other             |       |     1 |       |       ||     1
       Reflection        |       |       |     4 |     4 ||     8

Vanquished Creatures
  A merfolk (D:9)
  Grinder (D:6)
  2 chaos spawn
  A basilisk (D:8)
  Menkaure (D:5)
  An orc warrior (D:9)
  2 ice beasts (D:9)
  A phantom (D:9)
  A sky beast (D:7)
  3 ogres (D:8)
  3 wolves
  4 centaurs
  A crocodile (D:9)
  4 bullfrogs
  4 scorpions
  6 killer bees (D:9)
  4 howler monkeys
  4 crimson imps
  7 bullfrog zombies
  A jelly (D:6)
  An orc priest (D:9)
  4 hounds
  5 orc wizards
  A bullfrog skeleton (D:6)
  4 iguanas
  Ijyb (D:4)
  2 worker ants (D:4)
  2 killer bee zombies (Ossuary)
  2 hound zombies (Ossuary)
  2 hound skeletons
  12 mummies (Ossuary)
  3 howler monkey zombies
  2 worker ant zombies
  3 gnolls (D:5)
  8 adders
  2 shadow imps
  2 oozes
  3 worms
  4 dart slugs
  4 leopard geckos
  32 orcs
  A ball python (D:6)
  2 giant cockroaches
  8 goblins
  13 hobgoblins
  6 jackals
  3 quokkas
  5 bats
  6 frilled lizards
  2 giant cockroach zombies
  5 kobolds
  2 leopard gecko zombies
  A quokka skeleton (D:7)
  3 quokka zombies (Ossuary)
  7 rats
215 creatures vanquished.

Vanquished Creatures (others)
  2 withered plants (Ossuary)
2 creatures vanquished.

Grand Total: 217 creatures vanquished
